 Dungeon Crawl Stone Soup version 0.24-a0-235-g3f03afc (webtiles) character file.

Game seed: 9418022887175287284

3869 KristoblXynda the Carver (level 10, 0/80 HPs)
             Began as a Naga Gladiator on Apr 7, 2019.
             Was a Believer of Yredelemnul.
             Succumbed to a spiny frog's poison
             ... on level 1 of the Lair of Beasts.
             The game lasted 00:16:41 (9638 turns).

KristoblXynda the Carver (Naga Gladiator)           Turns: 9638, Time: 00:16:43

Health: 0/80       AC:  9    Str: 19    XL:     10   Next: 19%
Magic:  10/10      EV: 11    Int: 12    God:    Yredelemnul [**....]
Gold:   280        SH:  0    Dex: 15    Spells: 9/9 levels left

rFire    . . .     SeeInvis +   r - +5 long sword (drain)
rCold    . . .     Gourm    .   (no shield)
rNeg     . . .     Faith    .   h - +0 ring mail
rPois    +         Spirit   .   c - +1 helmet
rElec    .         Reflect  .   e - scarf {repulsion}
rCorr    .         Harm     .   (no gloves)
MR       +....     Clarity  +   (no barding)
Stlth    ++++......             (no amulet)
HPRegen  0.23/turn              m - ring of wizardry
MPRegen  0.12/turn              b - +5 ring of intelligence

@: lethally poisoned (0 -> -15), very slightly contaminated, invisible, repel
missiles, very slow
A: large, see invisible, agile 1, clarity, deformed body, deterioration 1, dopey
1, poison resistance, slowness 2, slow metabolism 1, spit poison 1, no potion
heal 1, AC +3
a: Spit Poison, Animate Remains, Recall Undead Slaves, Injury Mirror, Renounce
Religion


You were on level 1 of the Lair of Beasts.
You worshipped Yredelemnul.
Yredelemnul was pleased with you.
You were not hungry.

You visited 3 branches of the dungeon, and saw 10 of its levels.
You also visited: Sewer.

You collected 345 gold pieces.
You spent 65 gold pieces at shops.

Inventory:

Hand Weapons
 r - a +5 long sword of draining (weapon)
Missiles
 d - 2 throwing nets (quivered)
Armour
 c - a +1 helmet (worn)
 e - a scarf of repulsion (worn)
 h - a +0 ring mail (worn)
Jewellery
 b - a +5 ring of intelligence (right hand)
 m - a ring of wizardry (left hand)
Wands
 x - a wand of acid (11)
 y - a wand of paralysis (15)
 A - a wand of digging (4)
 B - a wand of polymorph (6)
Scrolls
 g - 2 scrolls of enchant armour
 j - 6 scrolls of amnesia
 l - 5 scrolls of remove curse
Potions
 i - a potion of cancellation {unknown}
 n - 3 potions of agility
 p - a potion of berserk rage {unknown}
 u - 3 potions of flight
Comestibles
 f - 10 rations


   Skills:
 - Level 2.0 Fighting
 * Level 10.6 Long Blades
 - Level 2.0 Throwing
 + Level 5.7 Armour
 - Level 4.0 Dodging
 + Level 9.2 Stealth


You had 9 spell levels left.
You didn't know any spells.
Your spell library contained the following spells:

 Spells                   Type           Power        Failure   Level  Hunger
 Animate Skeleton         Necr           N/A          21%         1    ##.....
 Apportation              Tloc           #.....       21%         1    ##.....
 Confusing Touch          Hex            #.....       21%         1    ##.....
 Corona                   Hex            #......      21%         1    ##.....
 Summon Small Mammal      Summ           #...         21%         1    ##.....
 Ensorcelled Hibernation  Hex/Ice        #.....       32%         2    ###....
 Confuse                  Hex            #.......     52%         3    ####...
 Dazzling Spray           Conj/Hex       #.....       52%         3    ####...
 Tukima's Dance           Hex            #.......     52%         3    ####...
 Bolt of Magma            Conj/Fire/Erth #.........   99%         5    ######.
 Iskenderun's Battlesphe  Conj/Chrm      #.......     99%         5    ######.
 Venom Bolt               Conj/Pois      #.........   99%         5    ######.
 Iron Shot                Conj/Erth      #.........   100%        6    #######
 Orb of Destruction       Conj           #.........   100%        7    #######
 Spellforged Servitor     Conj/Summ      #.........   100%        7    #######


Dungeon Overview and Level Annotations

Branches:
Dungeon (8/15)             Temple (1/1) D:4            Lair (1/6) D:8

Altars:
Ashenzari
Cheibriados
Dithmenos
Elyvilon
Fedhas
Gozag
Hepliaklqana
Kikubaaqudgha
Makhleb
Nemelex Xobeh
Okawaru
Qazlal
Ru
Sif Muna
Trog
Uskayaw
Vehumet
Wu Jian
Xom
Yredelemnul
Zin
The Shining One

Shops:
D:4 :*=

Annotations:
D:3 Ijyb


Innate Abilities, Weirdness & Mutations

You cannot wear boots.
Your serpentine skin is tough. (AC +3)
You have supernaturally acute eyesight. (SInv)
Armour fits poorly on your strangely shaped body.
Your system is resistant to poisons. (rPois)
You cover ground very slowly.
You have a slow metabolism.
You can spit poison.
You are agile. (Dex +2)
You possess an exceptional clarity of mind.
Your body sometimes deteriorates upon taking damage.
You are dopey. (Int -2)
Potions are less effective at restoring your health.


Message History

You slash the spiny frog!
The spiny frog is almost dead.
The spiny frog stings you!
* * * LOW HITPOINT WARNING * * *
You are lethally poisoned!
The spiny frog poisons you!
Unknown command.
Okay, then.
Evoke which item? (* to show all) (? for menu, Esc to quit)
Aiming: Corrosive Bolt
Press: ? - help, Shift-Dir - straight line, f - spiny frog
Aim: a spiny frog (almost dead, covered in acid, lightly drained)
The bolt of acid hits the spiny frog!
The spiny frog is splashed with acid!
The spiny frog seems to be corroded for longer.
You kill the spiny frog!
Yredelemnul accepts your kill.
The bolt of acid hits the crocodile!
The crocodile is splashed with acid!
The crocodile is heavily wounded.
You die...
Your body rises from the dead as a mindless zombie.

..........## ##.##
.#.##.....# #....
..........## #...#
####........####
...#.F..............#
#..#. #.###........#.
#... #.#............
#..####..............
#t†@....#.......#...
#.##.#.###..........
####...........♣♣...
##...###.....+....
#P...........###..
##.......#........
#.......#.....##.
#...##.##.....###
#...............#


You could see a crocodile (wandering).

Vanquished Creatures
  2 spiny frogs (Lair:1)
  Edmund (D:5)
  2 porcupines (Lair:1)
  2 water moccasins
  A black bear (D:7)
  An orc warrior (D:7)
  A sky beast (D:6)
  An ice beast (D:5)
  2 necrophages
  3 phantoms
  An ogre (D:8)
  3 centaurs
  A wolf (Lair:1)
  A big kobold (Sewer)
  4 wights (D:4)
  4 howler monkeys (D:7)
  A bullfrog zombie (D:6)
  6 orc priests
  5 hounds
  2 jellies
  6 orc wizards
  A bullfrog skeleton (D:7)
  Crazy Yiuf (D:6)
  Jessica (D:3)
  2 iguanas
  8 worker ants
  2 howler monkey zombies
  5 gnolls
  2 adders (D:2)
  A shadow imp (D:5)
  An ooze (D:2)
  An adder skeleton (D:4)
  2 adder zombies
  3 worms
  3 dart slugs
  6 leopard geckos
  13 orcs
  15 giant cockroaches
  6 goblins
  6 hobgoblins
  5 jackals
  8 kobolds
  A quokka (D:6)
  A ball python (D:5)
  A ball python skeleton (D:5)
  11 bats
  6 frilled lizards
  A giant cockroach zombie (D:5)
  A leopard gecko skeleton (D:4)
  A quokka skeleton (D:5)
  A quokka zombie (D:6)
  15 rats
181 creatures vanquished.

Vanquished Creatures (others)
  Sigmund (D:3)
1 creature vanquished.

Grand Total: 182 creatures vanquished

Notes
Turn   | Place    | Note
-------+----------+-------------------------------------------
     0 | D:1      | KristoblXynda the Naga Gladiator began the quest for the
                  | Orb.
     0 | D:1      | Reached XP level 1. HP: 19/19 MP: 1/1
    49 | D:1      | Reached XP level 2. HP: 10/26 MP: 2/2
   518 | D:1      | Reached XP level 3. HP: 32/32 MP: 3/3
  1503 | D:2      | Reached XP level 4. HP: 26/39 MP: 4/4
  1603 | D:2      | Reached skill level 4 in Long Blades
  1926 | D:2      | Reached skill level 1 in Armour
  2274 | D:2      | Found a glowing golden altar of the Shining One.
  2763 | D:3      | Reached XP level 5. HP: 39/45 MP: 5/5
  2769 | D:3      | Noticed Sigmund
  2784 | D:3      | Noticed Jessica
  2788 | D:3      | Killed Sigmund
  2788 | D:3      | Reached skill level 5 in Long Blades
  2788 | D:3      | Reached XP level 6. HP: 36/52 MP: 6/6
  2797 | D:3      | Killed Jessica
  2985 | D:3      | Found a sacrificial altar of Ru.
  3218 | D:3      | Found a snail-covered altar of Cheibriados.
  3272 | D:3      | Noticed Ijyb
  3613 | D:4      | Found Medyumuj's Assorted Antiques.
  4169 | D:4      | Found a staircase to the Ecumenical Temple.
  4185 | D:4      | Found Meimn's Jewellery Emporium.
  4217 | D:4      | Bought a cursed +1 ring of protection for 20 gold pieces
  4217 | D:4      | Bought a cursed ring of teleportation for 45 gold pieces
  4238 | Temple   | Entered the Ecumenical Temple
  4302 | Temple   | Became a worshipper of Yredelemnul the Dark
  4336 | D:4      | Reached XP level 7. HP: 44/60 MP: 7/7
  4571 | D:4      | Reached skill level 6 in Long Blades
  4899 | D:4      | Found an iron altar of Okawaru.
  5052 | D:4      | Found Vopuavam's Book Emporium.
  5263 | D:5      | Entered Level 5 of the Dungeon
  5312 | D:5      | Noticed Edmund
  5333 | D:5      | Killed Edmund
  5614 | D:5      | Reached XP level 8. HP: 60/67 MP: 8/8
  5679 | D:5      | Reached skill level 7 in Long Blades
  5916 | D:5      | Found a shattered altar of Ashenzari.
  5916 | D:5      | Found a shadowy altar of Dithmenos.
  5917 | D:5      | Found a bloodstained altar of Trog.
  6032 | D:5      | Reached * piety under Yredelemnul
  6506 | D:6      | Reached skill level 8 in Long Blades
  6506 | D:6      | Reached skill level 5 in Stealth
  6742 | D:6      | Found a glowing drain.
  6767 | Sewer    | Entered a sewer
  7071 | Sewer    | Reached XP level 9. HP: 71/73 MP: 9/9
  7088 | Sewer    | Found a white marble altar of Elyvilon.
  7264 | D:6      | Reached ** piety under Yredelemnul
  7353 | D:6      | Found a runed translucent door.
  7354 | D:6      | Noticed Crazy Yiuf
  7361 | D:6      | Killed Crazy Yiuf
  7440 | D:6      | Reached skill level 9 in Long Blades
  8308 | D:7      | Reached skill level 5 in Armour
  9091 | D:8      | Found an ancient bone altar of Kikubaaqudgha.
  9119 | D:8      | Found a blossoming altar of Fedhas.
  9160 | D:8      | Noticed a death yak
  9161 | D:8      | Noticed a death yak
  9173 | D:8      | Gained mutation: You possess an exceptional clarity of
                  | mind. [potion of mutation]
  9173 | D:8      | Gained mutation: Your body sometimes deteriorates upon
                  | taking damage. [potion of mutation]
  9173 | D:8      | Gained mutation: Your spells are a little harder to cast,
                  | but a little more powerful. [potion of mutation]
  9323 | D:8      | Lost mutation: Your body sometimes deteriorates upon taking
                  | damage. [potion of mutation]
  9323 | D:8      | Lost mutation: Your spells are a little harder to cast, but
                  | a little more powerful. [potion of mutation]
  9323 | D:8      | Gained mutation: Your body sometimes deteriorates upon
                  | taking damage. [potion of mutation]
  9323 | D:8      | Gained mutation: Potions are less effective at restoring
                  | your health. [potion of mutation]
  9323 | D:8      | Gained mutation: You are dopey. (Int -2) [potion of
                  | mutation]
  9323 | D:8      | Gained mutation: You are agile. (Dex +2) [potion of
                  | mutation]
  9488 | D:8      | Found a staircase to the Lair.
  9489 | D:8      | Noticed a death yak
  9492 | D:8      | Noticed a death yak
  9499 | D:8      | Noticed a death yak
  9499 | D:8      | Noticed a death yak
  9502 | D:8      | Noticed a death yak
  9520 | Lair:1   | Entered Level 1 of the Lair of Beasts
  9542 | Lair:1   | Noticed a spiny frog
  9562 | Lair:1   | Noticed a black mamba
  9578 | Lair:1   | Reached skill level 10 in Long Blades
  9617 | Lair:1   | Noticed a spiny frog
  9624 | Lair:1   | Reached XP level 10. HP: 43/80 MP: 10/10
  9636 | Lair:1   | Killed a spiny frog
  9637 | Lair:1   | HP: 2/80 [spiny frog (17)]
  9638 | Lair:1   | Killed a spiny frog
  9638 | Lair:1   | Succumbed to a spiny frog's poison

Levels and vault maps discovered:
D:1:      lordsloth_arrival_two_stooges, layout_basic
D:2:      layout_basic, tso_oasis_becter, minmay_misc_feat_hallway
D:3:      layout_basic, nicolae_overflow_hidden_temple,
          nicolae_ru_sacrificial_ziggurat, serial_rivers,
          chequers_serial_rivers_small_a, chequers_serial_rivers_marsh,
          chequers_serial_rivers_micro_c, chequers_serial_rivers_room_b,
          chequers_serial_rivers_micro_e, uniq_sigmund, uniq_jessica, uniq_ijyb
D:4:      layout_loops_corners, kennysheep_mini, temple_statues, first_ration,
          serial_shops, nicolae_shop_crystal, nicolae_shop_overgrown_old_shop,
          nicolae_shop_window_shopping
D:5:      layout_basic, gammafunk_temple_overflow_claw, dk_vineyard_2,
          st_stairs_9, uniq_edmund
D:6:      layout_loops_ring, gup_sewer_entry_glass, uniq_crazy_yiuf_cottage
D:7:      layout_loops_cross
D:8:      layout_basic, fedhas_altar_4, lemuel_round_altar, dpeg_lair_monsters
Temple:   cyrus_circular_temple
Lair:1:   layout_chaotic_city, gauntlet_entry_generic,
          ebering_ghost_disaster_area, chequers_serial_rivers_small_3,
          beast_lair_carwin_5, grunt_megastairs_5
Sewer:    sewer_kobolds

Skill      XL: |  1  2  3  4  5  6  7  8  9 10 |
---------------+-------------------------------+-----
Throwing       | 2 |  2.0
Long Blades    | 4 5 6 8 10 | 10.6
Armour         | 1 2 3 4 5 |  5.7
Dodging        | 3 4 |  4.0
Stealth        | 2 5 8 9 |  9.2
Fighting       | |  2.0

Action                   |  1- 3 |  4- 6 |  7- 9 | 10-12 || total
-------------------------+-------+-------+-------+-------++-------
Melee: Long sword        |    95 |   147 |   310 |     7 ||   559
Throw: Throwing net      |       |       |     2 |       ||     2
 Abil: Spit Poison       |     7 |    15 |     8 |       ||    30
Evoke: Wand              |       |       |     2 |     2 ||     4
  Use: Scroll            |     1 |     5 |    10 |       ||    16
       Potion            |       |       |     3 |     5 ||     8
 Stab: Held in net/web   |       |       |     1 |       ||     1
       Sleeping          |       |       |    10 |       ||    10
       Invisible         |       |       |       |     1 ||     1
  Eat: Chunk             |     1 |     6 |     2 |       ||     9
       Ration            |       |     1 |     4 |       ||     5
Armor: Leather armour    |    27 |       |       |       ||    27
       Ring mail         |    13 |    61 |   120 |     1 ||   195
Dodge: Dodged            |    66 |    74 |   158 |     3 ||   301
       Deflected         |     5 |     3 |     3 |       ||    11
       Rpst.: Long sword |    18 |    20 |    57 |       ||    95

Table legend:
 A = Non-vault XP
 B = Vault XP
 C = Vault XP percentage of total XP
 D = Non-vault monster count
 E = Vault monster count
 F = Vault count percentage of total count
                 A         B        C        D         E       F
            +---------+---------+-------+---------+---------+-------
      Total |    3783 |    1745 |  31.6 |     158 |      24 |  13.2
            +---------+---------+-------+---------+---------+-------
        D:1 |      72 |       0 |   0.0 |      29 |       0 |   0.0
        D:2 |      77 |       0 |   0.0 |      24 |       0 |   0.0
        D:3 |      73 |     178 |  70.9 |      20 |       2 |   9.1
        D:4 |     475 |      43 |   8.3 |      20 |       1 |   4.8
        D:5 |     760 |     167 |  18.0 |      22 |       2 |   8.3
        D:6 |     946 |      45 |   4.5 |      24 |       5 |  17.2
        D:7 |     868 |       0 |   0.0 |      15 |       0 |   0.0
        D:8 |     365 |       0 |   0.0 |       3 |       0 |   0.0
     Lair:1 |     147 |    1214 |  89.2 |       1 |       5 |  83.3
      Sewer |       0 |      98 | 100.0 |       0 |       9 | 100.0
            +---------+---------+-------+---------+---------+-------
